 Dungeon Crawl Stone Soup version 0.29.1-13-g9f3cf754e1 (webtiles) character file.

Game seed: 18399680824872557114

42 xian the Shooter (level 3, 0/28 HPs)
             Began as a Formicid Hunter on Feb 7, 2023.
             Slain by a goblin
             ... wielding a +0 dagger
             ... led by Robin
              (3 damage)
             ... on level 1 of the Dungeon.
             The game lasted 00:02:46 (1210 turns).

xian the Shooter (Formicid Hunter)                  Turns: 1210, Time: 00:02:47

Health: 0/28       AC: 11    Str: 17    XL:     3   Next: 77%
Magic:  3/3        EV:  5    Int:  8    God:
Gold:   68         SH:  0    Dex: 17    Spells: 2/2 levels left

rFire   x . .      SeeInvis +   a - +0 shortbow
rCold   + . .      Faith    .   (no shield)
rNeg    . . .      Spirit   .   k - +0 plate armour
rPois   .          Reflect  .   (helmet unavailable)
rElec   .          Harm     .   (no cloak)
rCorr   .          Rampage  .   g - +0 pair of gloves
Will    .....                   (no boots)
Stlth   ..........              (no amulet)
HPRegen 0.09/turn               e - ring of ice
MPRegen 0.08/turn               (no ring)

@: no status effects
A: permanent stasis, dig shafts and tunnels, antennae 3, four strong arms
a: Dig, Shaft Self


You were on level 1 of the Dungeon.
You visited 1 branch of the dungeon, and saw 2 of its levels.

You collected 68 gold pieces.

Inventory:

Hand Weapons
 a - a +0 shortbow (weapon)
 j - a +3 dagger of venom
Armour
 c - a +0 leather armour
 g - a +0 pair of gloves (worn)
 k - a +0 plate armour (worn)
Jewellery
 e - a ring of ice (left hand)
Scrolls
 b - a scroll of immolation
 h - a scroll of torment {unknown}
 i - a scroll of identify {unknown}
Potions
 d - 2 potions of curing {unknown}
 f - a potion of attraction {unknown}
 l - a potion of mutation {unknown}
 m - a potion of degeneration {unknown}


   Skills:
 + Level 2.6 Fighting
 + Level 4.7 Ranged Weapons
 * Level 1.1 Armour
 + Level 1.8 Dodging
 + Level 1.4 Stealth


You had 2 spell levels left.
You didn't know any spells.
Your spell library was empty.

Dungeon Overview and Level Annotations

Branches:
Dungeon (2/15)

Altars:

Annotations:
D:1 Robin


Innate Abilities, Weirdness & Mutations

You cannot be hasted, slowed, berserked, paralysed or teleported.
You can dig through walls and to a lower floor.
You have a pair of large antennae on your head. (SInv)
Your four strong arms can wield two-handed weapons with a shield.


Message History

The goblin shoots a sling bullet.
The sling bullet hits you but does no damage.
The goblin shoots a sling bullet.
The sling bullet hits you but does no damage.
There is a stone staircase leading up here.
No target in view!
No target in view!
Robin of the Strong Arm comes into view.
They are wielding a +0 mace and wearing a +0 helmet of intelligence.
You shoot an arrow. The arrow hits the goblin!
You kill the goblin!
You shoot an arrow. The arrow closely misses the goblin.
Robin roars a battlecry!
The goblin goes into a battle-frenzy!
You hear a shout!
You shoot an arrow. The arrow hits the goblin.
You kill the goblin!
A goblin comes into view. It is wielding a +0 dagger.
You shoot an arrow. The arrow hits Robin.
Robin is lightly wounded.
You shoot an arrow. The arrow closely misses Robin.
The arrow closely misses the goblin.
A goblin comes into view. It is wielding a +0 dagger.
Robin hits you with a +0 mace. Robin throws the goblin at you!
The goblin barely misses you.
You shoot an arrow. The arrow closely misses Robin.
The arrow closely misses the goblin. x2
You hear a shout!
Robin hits you but does no damage. The goblin hits you with a +0 club.
Robin throws the goblin at you! The goblin hits you but does no damage.
A goblin comes into view. It is wielding a +0 club.
The goblin hits you with a +0 club.
* * * LOW HITPOINT WARNING * * *
You hear a shout! x2
The goblin hits you with a +0 dagger.
* * * LOW HITPOINT WARNING * * *
The goblin hits you but does no damage.
You climb upwards.
There is a stone staircase leading down here.
The goblin hits you with a +0 dagger.
You die...

#.# #.##.# #.....# ###. #.#
#.##.# ####### #. #.#####.##.##
############. #.....#.##..#
#...)........
#..##.#.....####.##########. #
#..##.####.......# #.# # #..##.#
##.###### ##. #
#..##.#####g######### ##
######..........@>g......# #
...†.....#.#####g#######.# #
....####.#.# #.# #.# #
.........#.#####.# #.# #
##########.......#######)########
# #######.....[.....).....
############.##### #......
#######


You could see Robin and 2 goblins.

Vanquished Creatures
  2 dart slugs (D:1)
  3 bats (D:1)
  An endoplasm (D:2)
  A giant cockroach (D:1)
  4 goblins (D:2)
  2 hobgoblins (D:2)
  6 jackals
  5 kobolds (D:1)
  2 quokkas
  2 ball pythons (D:1)
  2 frilled lizards (D:1)
  3 rats
33 creatures vanquished.

Notes
Turn   | Place    | Note
-------+----------+-------------------------------------------
     0 | D:1      | xian the Formicid Hunter began the quest for the Orb.
     0 | D:1      | Reached XP level 1. HP: 16/16 MP: 1/1
   116 | D:1      | You fall into a shaft and drop 1 floor!
   199 | D:2      | Reached XP level 2. HP: 22/22 MP: 2/2
   478 | D:1      | Reached XP level 3. HP: 28/28 MP: 3/3
   813 | D:1      | Reached skill level 1 in Armour
  1201 | D:2      | Noticed Robin
  1210 | D:1      | Slain by a goblin

Illustrated notes

Levels and vault maps discovered:
D:1:      minmay_arrival_checkered_box, layout_loops_ring
D:2:      layout_basic, uniq_robin

Skill      XL: |  1  2  3 |
---------------+----------+-----
Armour         | 1 |  1.1
Fighting       | |  2.6
Ranged Weapons | |  4.7
Dodging        | |  1.8
Stealth        | |  1.4

Action                   || total
-------------------------++-------
 Fire: Shortbow          ||    82
 Abil: Dig               ||     3
Armor: Leather armour    ||    17
       Plate armour      ||    25
Dodge: Dodged            ||    42
